AoeStats
← RickSteel2

Arabia

510875442Analyzed
1v1 RM · 13h ago on Oct 2, 2026· 48m 31s· 2 players
Game mode
Random Map
Map size
Tiny (2 player)
Population
200
Speed
Normal
Resources
Standard
Victory
Conquest
Starting age
Dark Age
Ending age
Imperial Age
RankedLock teamsTeams togetherTeam positionsShared explorationLock speedFull tech treeHidden civsTurbo modeCheats
Victory
Defeat
🇺🇸 Mongols · United States
729
+15
🇦🇷 Saracens · Argentina
714
-15
zzz
7:31 Loom
10:26 Feudal Age
12:08 Double-Bit Axe
13:05 Horse Collar
21:34 Fletching
21:51 Padded Archer Armor
22:23 Town Watch
23:17 Bloodlines
27:38 Forging
27:29 Scale Mail Armor
27:34 Scale Barding Armor
27:52 Gold Mining
33:28 Castle Age
32:04 Wheelbarrow
33:43 Scale Barding Armor
34:49 Iron Casting
34:09 Bodkin Arrow
33:40 Elite Skirmisher
34:47 Leather Archer Armor
35:32 Chain Mail Armor
35:27 Light Cavalry
36:25 Husbandry
38:01 Crossbowman
40:36 Bow Saw
42:18 Thumb Ring
43:14 Chain Barding Armor
43:03 Murder Holes
43:40 Ballistics
43:19 Murder Holes
49:16 Imperial Age
49:02 Hand Cart
48:48 Town Patrol
RickSteel2
7:57 Loom
10:48 Feudal Age
11:43 Double-Bit Axe
11:39 Horse Collar
19:27 Gold Mining
20:53 Wheelbarrow
21:13 Fletching
24:13 Castle Age
24:31 Elite Skirmisher
26:48 Bow Saw
27:15 Heavy Plow
27:55 Gold Shaft Mining
27:41 Bodkin Arrow
27:48 Padded Archer Armor
32:51 Husbandry
33:15 Ballistics
37:24 Imperial Age
35:45 Hand Cart
35:30 Stone Mining
35:52 Thumb Ring
37:31 Stone Shaft Mining
36:35 Crossbowman
37:42 Arbalester
40:07 Light Cavalry
40:57 Bloodlines
43:16 Chemistry
42:13 Murder Holes
42:30 Masonry
42:25 Siege Engineers
45:09 Heavy Camel Rider
45:34 Capped Ram
Connection lost

Rejoining the realm…

Still unreachable

The connection could not be restored.

Session expired

The server has moved on; the page needs a fresh start.